 Dungeon Crawl Stone Soup version 0.21.1-1-g345015fe64 (webtiles) character file.

764 Oravi the Slinger (level 8, 0/49 HPs)
             Began as a Halfling Hunter on Apr 18, 2018.
             Was a Follower of Okawaru.
             Succumbed to a scorpion's poison
             ... on level 6 of the Dungeon.
             The game lasted 00:13:29 (3518 turns).

Oravi the Slinger (Halfling Hunter)                 Turns: 3518, Time: 00:13:30

Health: 0/49       AC:  5    Str: 13    XL:     8   Next: 8%
Magic:  8/8        EV: 15    Int:  9    God:    Okawaru [*.....]
Gold:   234        SH:  0    Dex: 17    Spells: 7/7 levels left

rFire    . . .     SeeInvis .   b - +0 short sword
rCold    . . .     Gourm    .   (shield restricted)
rNeg     . . .     Faith    .   c - +1 leather armour
rPois    .         Spirit   .   (no helmet)
rElec    .         Reflect  .   q - +0 cloak
rCorr    .         Harm     .   (no gloves)
MR       .....                  (no boots)
Stlth    ++........             (no amulet)
HPRegen  0.16/turn              (no ring)
MPRegen  0.11/turn              (no ring)

@: lethally poisoned (0 -> -4)
A: small, mutation resistance 1, sense surroundings 1
a: Heroism, Renounce Religion


You were on level 6 of the Dungeon.
You worshipped Okawaru.
Okawaru was aware of your devotion.
You were very hungry.

You visited 1 branch of the dungeon, and saw 6 of its levels.

You collected 234 gold pieces.

Inventory:

Hand Weapons
 a - a +2 hunting sling
 b - a +0 short sword (weapon)
 h - a +1 dagger of protection
Missiles
 d - 19 sling bullets
 e - 205 stones (quivered)
Armour
 c - a +1 leather armour (worn)
 q - a +0 cloak (worn)
 D - a cursed +0 leather armour
Wands
 x - a wand of flame (31)
 y - a wand of disintegration (13)
 C - a wand of polymorph (17)
Scrolls
 i - a scroll of fog
 n - 4 scrolls of enchant armour
 u - 3 scrolls of magic mapping
 z - a scroll of teleportation
Potions
 l - 2 potions of lignification
 m - a potion of haste {unknown}
 o - a potion of ambrosia {unknown}
 p - 2 potions of heal wounds {unknown}
 s - 4 potions of flight {unknown}
 t - a potion of might {unknown}
 v - a potion of cancellation {unknown}
Comestibles
 f - 8 rations


   Skills:
 - Level 1.7 Fighting
 * Level 4.2 Short Blades
 + Level 11.3 Slings
 + Level 2.0 Armour
 + Level 2.7 Dodging
 - Level 1.1 Stealth


You had 7 spell levels left.
You didn't know any spells.

Dungeon Overview and Level Annotations

Branches:
Dungeon (6/15)             Temple (0/1) D:4

Altars:
Ashenzari
Gozag
Makhleb
Okawaru
Trog
Uskayaw
Xom
Zin


Innate Abilities, Weirdness & Mutations

You are small and have problems with some larger weapons.
You are somewhat resistant to further mutation.
You passively map a small area around you.


Message History

You closely miss the scorpion.
The scorpion is severely wounded.
You feel sick. The scorpion barely misses you.
You hit the scorpion.
The scorpion is almost dead.
You feel sick.
You closely miss the scorpion.
The scorpion is almost dead.
The scorpion stings you!
* * * LOW HITPOINT WARNING * * *
You closely miss the scorpion.
The scorpion is almost dead.
* * * LOW HITPOINT WARNING * * *
You feel sick. The scorpion stings you.
* * * LOW HITPOINT WARNING * * *
You hit the scorpion.
You kill the scorpion!
Okawaru accepts your kill.
Your Armour skill increases to level 2!
You die...

..# * * #.# #.# * ,* #.#
#.# #### * *
#######.#############...
,
........................
*
.....#(###########.....
* * ### #@# #.#... *
..."..((# #.#... *
.####(### #.#..< #(*
#.#..# , * # #.#... *
#.#.## * ######'#... ,
,* #.......... , ,
#.......###


There were no monsters in sight!

Vanquished Creatures
  An ice beast (D:5)
  An ogre (D:4)
  A bullfrog (D:6)
  A scorpion (D:6)
  A howler monkey (D:3)
  A crimson imp (D:6)
  A quasit (D:6)
  A hound (D:4)
  An iguana (D:4)
  Natasha (thrice) (D:4)
  2 worker ants
  3 gnolls
  5 adders
  A shadow imp (D:5)
  3 oozes
  An adder skeleton (D:4)
  3 worms
  4 dart slugs
  7 leopard geckos
  3 orcs (D:5)
  4 giant cockroaches
  7 goblins
  6 hobgoblins
  6 jackals
  2 quokkas
  3 ball pythons (D:2)
  4 bats
  2 frilled lizards
  A jackal skeleton (D:4)
  8 kobolds
  A leopard gecko skeleton (D:4)
  7 rats
95 creatures vanquished.

Notes
Turn   | Place    | Note
-------+----------+-------------------------------------------
     0 | D:1      | Oravi the Halfling Hunter began the quest for the Orb.
     0 | D:1      | Reached XP level 1. HP: 14/14 MP: 1/1
    10 | D:1      | Reached skill level 6 in Slings
    84 | D:1      | Reached XP level 2. HP: 19/19 MP: 2/2
   164 | D:1      | Reached skill level 1 in Short Blades
   186 | D:1      | Reached XP level 3. HP: 24/24 MP: 3/3
   375 | D:1      | Reached skill level 7 in Slings
   669 | D:2      | Reached XP level 4. HP: 27/29 MP: 4/4
   994 | D:2      | Found a shimmering altar of Xom.
  1248 | D:3      | Reached XP level 5. HP: 24/34 MP: 5/5
  1252 | D:3      | Reached skill level 8 in Slings
  1643 | D:3      | Found a hide-covered altar of Uskayaw.
  1682 | D:3      | Reached XP level 6. HP: 39/39 MP: 6/6
  1861 | D:3      | Found an iron altar of Okawaru.
  1861 | D:3      | Found a burning altar of Makhleb.
  1869 | D:3      | Became a worshipper of Warmaster Okawaru
  1932 | D:4      | Found a staircase to the Ecumenical Temple.
  2074 | D:4      | Reached skill level 9 in Slings
  2074 | D:4      | Reached skill level 1 in Armour
  2096 | D:4      | Noticed an ogre
  2102 | D:4      | Killed an ogre
  2155 | D:4      | Noticed Natasha
  2162 | D:4      | Killed Natasha
  2216 | D:4      | Noticed Natasha
  2225 | D:4      | Killed Natasha
  2392 | D:4      | Found a glowing drain.
  2400 | D:4      | Reached XP level 7. HP: 44/44 MP: 7/7
  2427 | D:4      | Reached skill level 10 in Slings
  2504 | D:4      | Noticed Natasha
  2508 | D:4      | Killed Natasha
  2577 | D:4      | Found a glowing silver altar of Zin.
  2749 | D:5      | Entered Level 5 of the Dungeon
  3114 | D:5      | Found a shattered altar of Ashenzari.
  3183 | D:5      | Reached * piety under Okawaru
  3212 | D:5      | Found an opulent altar of Gozag.
  3320 | D:5      | Found a bloodstained altar of Trog.
  3388 | D:5      | Gained mutation: You passively map a small area around you. [potion of mutation]
  3459 | D:6      | Reached skill level 11 in Slings
  3484 | D:6      | Reached XP level 8. HP: 46/49 MP: 8/8
  3516 | D:6      | HP: 1/49 [scorpion (3)]
  3518 | D:6      | Succumbed to a scorpion's poison

Skill      XL: |  1  2  3  4  5  6  7  8 |
---------------+-------------------------+-----
Slings         | 6 7 8 9 11 | 11.3
Short Blades   | 1 2 3 4 |  4.2
Armour         | 1 2 |  2.0
Fighting       | |  1.7
Dodging        | |  2.7
Stealth        | |  1.1

Action                   |  1- 3 |  4- 6 |  7- 9 || total
-------------------------+-------+-------+-------++-------
Melee: Short sword       |       |       |    23 ||    23
 Fire: Hunting sling     |    71 |   180 |    99 ||   350
  Use: Scroll            |     5 |     2 |     7 ||    14
       Potion            |       |       |     2 ||     2
  Eat: Chunk             |       |     4 |     2 ||     6
Armor: Leather armour    |     3 |     9 |    19 ||    31
Dodge: Dodged            |     8 |    32 |    39 ||    79
